[Event "Titled Tuesday Blitz January 17 Late 2023"]
[White "Ivanisevic, Ivan"]
[Black "Andrews, Todd"]
[WhiteFideId "912417"]
[BlackFideId "2012456"]
[WhiteElo "2532"]
[BlackElo "2220"]
[Result "1-0"]
[Round "08"]
[TimeControl "180+2"]
[Date "2023.01.17"]
[WhiteClock "0:01:18"]
[BlackClock "0:00:26"]

1. d4 Nf6 2. c4 c5 3. d5 b5 4. e4 Nxe4 5. Qf3 Qa5+ 6. Nd2 Nd6 7. b4 Qxb4 8. Rb1 Qa5 9. cxb5 Bb7 10. Nh3 Qxa2 11. Nf4 e6 12. Be2 Be7 13. O-O exd5 14. Bb2 d4 15. Qg4 g5 16. Nh5 Qe6 17. Ng7+ Kd8 18. Nxe6+ dxe6 19. Bf3 Nd7 20. Bxb7 Nxb7 21. Qf3 Kc7 22. Nc4 f6 23. Qc6+ 1-0


[Site "https://www.chess.com"]

[Event "Titled Tuesday Blitz January 17 Late 2023"]
[White "Odegov, Artem"]
[Black "Dimitrov, Atanas"]
[WhiteFideId "34183644"]
[BlackFideId "2901315"]
[WhiteElo "2261"]
[BlackElo "2269"]
[Result "1-0"]
[Round "08"]
[TimeControl "180+2"]
[Date "2023.01.17"]
[WhiteClock "0:00:05"]
[BlackClock "0:00:04"]

1. d4 Nf6 2. c4 g6 3. Nc3 d5 4. cxd5 Nxd5 5. e4 Nxc3 6. bxc3 Bg7 7. Nf3 O-O 8. Rb1 c5 9. Be2 b6 10. O-O cxd4 11. cxd4 Bb7 12. d5 Nd7 13. Be3 Rc8 14. Qa4 a6 15. Rfc1 b5 16. Qb4 Ba8 17. Rxc8 Qxc8 18. Rc1 Qd8 19. a4 bxa4 20. Bxa6 a3 21. Qxa3 Nf6 22. Bc5 Nxe4 23. Bxe7 Qxd5 24. Bxf8 Bxf8 25. Rc8 Nd6 26. Rd8 Bc6 27. Bf1 Be8 28. Qa8 Qe6 29. Ng5 Qe7 30. Ne4 Qxe4 31. Qxe4 Nxe4 32. Rxe8 Nf6 33. Rb8 Kg7 34. Rb7 Ne4 35. Rd7 Nc5 36. Ra7 Ne4 37. Bc4 Nd6 38. Bd5 h5 39. g3 Kf6 40. Kg2 Be7 41. f4 Bf8 42. Kf3 Kg7 43. h3 Kf6 44. g4 hxg4+ 45. hxg4 Kg7 46. g5 Kg8 47. Kg4 Kg7 48. Rd7 Kg8 49. Kf3 Kg7 50. Ke2 Kg8 51. Kd3 Kg7 52. Kd4 Nf5+ 53. Ke5 Ne7 54. Rb7 Kg8 55. Bc4 Bg7+ 56. Kd6 Nf5+ 57. Kc6 Nd4+ 58. Kc5 Nf3 59. Bxf7+ Kh7 60. Bd5 Nd2 61. Kd6 Nf1 62. Ke6 Ne3 63. Be4 Nd1 64. f5 Nc3 65. f6 Kg8 66. Rxg7+ Kf8 67. Bxg6 Nb5 68. Rh7 Nd4+ 69. Kd5 1-0


[Site "https://www.chess.com"]

[Event "Titled Tuesday Blitz January 17 Late 2023"]
[White "Al-Tarboush, Ward"]
[Black "Milikow, Yoav"]
[WhiteFideId "7601450"]
[BlackFideId "2822237"]
[WhiteElo "2256"]
[BlackElo "2394"]
[Result "1-0"]
[Round "08"]
[TimeControl "180+2"]
[Date "2023.01.17"]
[WhiteClock "0:00:48"]
[BlackClock "0:01:46"]

1. e4 g6 2. d4 Bg7 3. Nc3 d6 4. Be3 Nd7 5. h4 h6 6. Qd2 e6 7. f4 Ne7 8. g4 b6 9. h5 Bb7 10. hxg6 fxg6 11. O-O-O Nf8 12. Bg2 Qd7 13. e5 d5 14. Nge2 O-O-O 15. Kb1 Kb8 16. Nc1 Qe8 17. Nd3 Qf7 18. a4 h5 19. a5 hxg4 20. axb6 axb6 21. Nb5 Ba6 22. Qb4 Nc8 23. Nc5 bxc5 24. dxc5 Ka8 25. Qa5 Kb7 26. c6+ Kxc6 27. Qxa6+ Kd7 28. Nxc7 Rxh1 29. Bxh1 Kxc7 30. Bb6+ Kd7 31. Qb5+ Ke7 32. Bc5+ Nd6 33. exd6+ Kf6 34. Bd4+ Kf5 35. Qd3+ Kxf4 1-0


[Site "https://www.chess.com"]

[Event "Titled Tuesday Blitz January 17 Late 2023"]
[White "Boyer, Mahel"]
[Black "Przybylski, Wojciech"]
[WhiteFideId "45102422"]
[BlackFideId "1117599"]
[WhiteElo "2489"]
[BlackElo "2321"]
[Result "1-0"]
[Round "08"]
[TimeControl "180+2"]
[Date "2023.01.17"]
[WhiteClock "0:00:42"]
[BlackClock "0:00:11"]

1. Nf3 Nf6 2. d3 d5 3. g3 Bg4 4. Bg2 c6 5. O-O Nbd7 6. Nbd2 e5 7. e4 dxe4 8. dxe4 Bc5 9. Nc4 O-O 10. h3 Bxf3 11. Qxf3 b5 12. Ne3 Re8 13. a4 a6 14. Nf5 Re6 15. h4 Bf8 16. Bh3 Nc5 17. Rd1 Qb8 18. axb5 axb5 19. Rxa8 Qxa8 20. Nh6+ gxh6 21. Bxe6 Ncxe4 22. Bf5 Nd6 23. Bxh6 Nde8 24. Bg5 Bg7 25. Be4 Nxe4 26. Qxe4 Qc8 27. Rd8 Qe6 28. Qd3 f6 29. Be3 Kf7 30. Bc5 f5 31. Rd7+ Kg6 32. Re7 Qg8 33. h5+ Kxh5 34. Qxf5+ Kh6 35. Be3# 1-0


[Site "https://www.chess.com"]

[Event "Titled Tuesday Blitz January 17 Late 2023"]
[White "Averjanov, Alexey"]
[Black "TheKnightOfBosnia"]
[WhiteFideId "14109867"]
[WhiteElo "2399"]
[BlackElo "2530"]
[Result "1-0"]
[Round "08"]
[TimeControl "180+2"]
[Date "2023.01.17"]
[WhiteClock "0:00:45"]
[BlackClock "0:00:05"]

1. d4 Nf6 2. c4 e6 3. Nf3 Bb4+ 4. Nbd2 O-O 5. g3 b6 6. Bg2 Bb7 7. O-O d6 8. Nb3 d5 9. c5 bxc5 10. dxc5 Na6 11. Qc2 Qe7 12. Be3 Ne4 13. Rac1 Bc6 14. a3 Ba4 15. axb4 Nxb4 16. Qd1 Rab8 17. Ra1 Qe8 18. Ra3 Na6 19. Qd3 Rxb3 20. Rxb3 Naxc5 21. Bxc5 Nxc5 22. Qc3 Nxb3 23. Qxc7 a5 24. e3 Qc6 25. Qe5 Rc8 26. Nd4 Nxd4 27. Qxd4 Qc4 28. Qb6 Qb5 29. Qa7 h6 30. Ra1 Rc2 31. Bf1 Qb4 32. Qa8+ Kh7 33. Bd3+ g6 34. Bxc2 Bxc2 35. Qa7 Kg7 36. Qd4+ Qxd4 37. exd4 a4 38. Rc1 Bb3 39. f4 Kf6 40. Kf2 Ke7 41. Ke3 Kd6 42. Rc8 Ke7 43. Rc7+ Kf6 44. g4 Bd1 45. h3 Bb3 46. Ra7 Kg7 47. g5 hxg5 48. fxg5 Kf8 49. Kf4 Bc2 50. Ke5 Bf5 51. h4 Bc2 52. Kf6 1-0


[Site "https://www.chess.com"]

[Event "Titled Tuesday Blitz January 17 Late 2023"]
[White "Djokic, Mihailo"]
[Black "Martinez Reyes, Pedro Ramon"]
[WhiteFideId "976440"]
[BlackFideId "3901807"]
[WhiteElo "2192"]
[BlackElo "2376"]
[Result "0-1"]
[Round "08"]
[TimeControl "180+2"]
[Date "2023.01.17"]
[WhiteClock "0:00:27"]
[BlackClock "0:00:25"]

1. e4 e6 2. d4 d5 3. Nc3 Nf6 4. Bg5 h6 5. Bxf6 Qxf6 6. exd5 Bb4 7. dxe6 Bxe6 8. Ne2 O-O 9. a3 Ba5 10. b4 Bb6 11. Qd2 Rd8 12. Rd1 Nc6 13. Ne4 Qh4 14. Qf4 Qxf4 15. Nxf4 Nxd4 16. Bd3 a5 17. O-O axb4 18. axb4 Bg4 19. Ra1 Kf8 20. h3 Bd7 21. Nd5 Bc6 22. Nxb6 cxb6 23. Ng3 b5 24. Rfe1 Ra4 25. Rab1 g6 26. Ne2 h5 27. h4 Nxe2+ 28. Rxe2 Rd4 29. g3 Rdxb4 30. Rbe1 Rb2 31. Re5 Rd4 32. Re7 b4 33. R7e3 b3 34. cxb3 Rxb3 35. Bxg6 Rxe3 36. fxe3 Rg4 37. Bxh5 Rxg3+ 38. Kh2 Rg2+ 39. Kh3 Rd2 40. Kg3 b5 41. Rf1 Bd5 42. Rf5 b4 43. e4 Be6 44. Rb5 b3 45. Bg4 Bc4 46. Rb8+ Kg7 47. h5 b2 48. e5 Bd3 49. e6 fxe6 50. Rb7+ Kh6 0-1


[Site "https://www.chess.com"]

[Event "Titled Tuesday Blitz January 17 Late 2023"]
[White "Carnicelli, Valerio"]
[Black "Pasti, Aron"]
[WhiteFideId "856185"]
[BlackFideId "785857"]
[WhiteElo "2370"]
[BlackElo "2361"]
[Result "0-1"]
[Round "08"]
[TimeControl "180+2"]
[Date "2023.01.17"]
[WhiteClock "0:01:26"]
[BlackClock "0:01:19"]

1. b3 d5 2. Bb2 c6 3. d3 Nd7 4. Nd2 e5 5. e4 Ngf6 6. g3 Bd6 7. Bg2 O-O 8. Ne2 Re8 9. O-O Nf8 10. a3 Bg4 11. f3 Be6 12. c4 a5 13. f4 Ng4 14. f5 Ne3 15. Qc1 Nxf1 16. fxe6 Nxd2 17. exf7+ Kxf7 18. Qxd2 Qb6+ 19. Kh1 d4 20. Rf1+ Kg8 21. Nc1 Ne6 22. Bh3 h6 23. Qe2 Ng5 24. Bf5 Rf8 25. h4 Nf7 0-1


[Site "https://www.chess.com"]

[Event "Titled Tuesday Blitz January 17 Late 2023"]
[White "Kleiman, Jake"]
[Black "Leenhouts, Koen"]
[WhiteFideId "2020041"]
[BlackFideId "1008439"]
[WhiteElo "2399"]
[BlackElo "2447"]
[Result "1/2-1/2"]
[Round "08"]
[TimeControl "180+2"]
[Date "2023.01.17"]
[WhiteClock "0:00:13"]
[BlackClock "0:00:06"]

1. e4 e5 2. Nf3 d6 3. d4 exd4 4. Nxd4 Nf6 5. Nc3 Be7 6. g3 O-O 7. Bg2 c6 8. O-O Re8 9. a4 a5 10. h3 Na6 11. Nde2 Bf8 12. Be3 Nb4 13. g4 g6 14. Ng3 d5 15. g5 Nxe4 16. Ncxe4 dxe4 17. Nxe4 Bg7 18. c3 Nd5 19. Bd4 Bxh3 20. Bxg7 Rxe4 21. Bxh3 Qxg5+ 22. Kh1 Rh4 23. Qf3 Nf4 24. Rg1 Rxh3+ 25. Qxh3 Nxh3 26. Rxg5 Nxg5 27. Bd4 Ne6 28. Bb6 Kf8 29. Rd1 Ke7 30. Kg2 h5 31. Kg3 g5 32. f3 h4+ 33. Kg4 Rg8 34. Bxa5 Rh8 35. Bb4+ Kf6 36. c4 Kg6 37. Bc3 Rh7 38. Kh3 Nf4+ 39. Kh2 f5 40. Rd6+ Kh5 41. Be5 Re7 42. Bf6 Re2+ 43. Kg1 Rg2+ 44. Kh1 h3 45. Rd7 Kg6 46. Be5 Re2 47. Bb8 Re1+ 48. Kh2 Re2+ 49. Kh1 Nh5 50. Rd6+ Kf7 51. Rd7+ Ke6 52. Rh7 Nf4 53. Rh6+ Kd7 54. b4 Re1+ 55. Kh2 Re2+ 56. Kh1 Re1+ 57. Kh2 Re2+ 58. Kg1 Re1+ 59. Kf2 Re2+ 60. Kf1 Rc2 61. b5 cxb5 62. cxb5 Ra2 63. Rh7+ Ke6 64. Rh6+ Kd5 65. Bxf4 gxf4 66. Rxh3 Rxa4 67. Rh7 Ra1+ 68. Kg2 b6 69. Rb7 Ra2+ 70. Kh3 Kc5 71. Rf7 Kxb5 72. Rxf5+ Kc4 73. Rxf4+ Kc3 74. Rf6 b5 75. Rc6+ Kd3 76. Rb6 Kc4 77. f4 b4 78. f5 b3 79. Kg4 Rf2 80. Kg5 Kc3 81. f6 b2 82. Kg6 Rg2+ 83. Kh7 Rh2+ 84. Kg7 Rg2+ 85. Kh8 Rh2+ 86. Kg8 Rg2+ 87. Kf8 Rg4 88. Rc6+ Rc4 89. Rb6 Rb4 90. Rxb4 Kxb4 91. f7 b1=Q 92. Kg8 Qg1+ 93. Kh8 Qh2+ 94. Kg8 Qg3+ 95. Kh8 Qh4+ 96. Kg8 Qg5+ 97. Kh8 Qh5+ 98. Kg8 Qg6+ 99. Kh8 Qd6 100. Kg8 Qe7 101. f8=Q Qxf8+ 102. Kxf8 1/2-1/2


[Site "https://www.chess.com"]

[Event "Titled Tuesday Blitz January 17 Late 2023"]
[White "Chor, Kevin"]
[Black "Perez Perez, Gabriel"]
[WhiteFideId "2090740"]
[BlackFideId "32089147"]
[WhiteElo "1944"]
[BlackElo "2185"]
[Result "1-0"]
[Round "08"]
[TimeControl "180+2"]
[Date "2023.01.17"]
[WhiteClock "0:00:18"]
[BlackClock "0:00:01"]

1. e4 c6 2. d4 d5 3. exd5 cxd5 4. c4 Nf6 5. Nc3 Nc6 6. Bg5 dxc4 7. Bxc4 e6 8. Nf3 Be7 9. O-O O-O 10. Re1 b6 11. d5 Na5 12. Bb5 Nxd5 13. Bxe7 Nxe7 14. Qa4 a6 15. Bf1 b5 16. Qe4 Bb7 17. Qg4 Nf5 18. Rad1 Qf6 19. Ne5 Rad8 20. Nd7 Qh6 21. Nxf8 Rxf8 22. Rd7 Bc6 23. Ra7 Qd2 24. Qe2 Qd8 25. Rxa6 Bb7 26. Ra7 Qb6 27. Nxb5 Ba6 28. Rd7 Nd4 29. Qe3 Bxb5 30. Qxd4 Qa6 31. Ra7 Nc6 32. Rxa6 Nxd4 33. Bxb5 Nxb5 34. a4 Nd4 35. Rd6 Nb3 36. Red1 1-0


[Site "https://www.chess.com"]

[Event "Titled Tuesday Blitz January 17 Late 2023"]
[White "Vovk, Orest"]
[Black "Czernek, Tymon"]
[WhiteFideId "14113490"]
[BlackFideId "1199510"]
[WhiteElo "2315"]
[BlackElo "2314"]
[Result "1/2-1/2"]
[Round "08"]
[TimeControl "180+2"]
[Date "2023.01.17"]
[WhiteClock "0:00:04"]
[BlackClock "0:00:10"]

1. h4 e5 2. h5 d5 3. h6 Nxh6 4. d4 Nc6 5. Bxh6 gxh6 6. dxe5 Nxe5 7. Nf3 Nxf3+ 8. gxf3 Be6 9. Qd4 Rg8 10. Nc3 Bg7 11. Qa4+ Qd7 12. Qxd7+ Kxd7 13. O-O-O c6 14. e4 d4 15. Ne2 c5 16. Nf4 Be5 17. Nxe6 fxe6 18. Rh5 Kd6 19. Kd2 Raf8 20. Ke2 Rf6 21. Bh3 Rg5 22. Rh4 h5 23. Rh1 Rf4 24. Bf1 Rxh4 25. Rxh4 Bh8 26. f4 Rg4 27. Rxh5 Rxf4 28. Rxh7 Rxe4+ 29. Kd3 Re1 30. Bg2 Be5 31. Rxb7 Bf4 32. Rxa7 Rd1+ 33. Kc4 Rd2 34. Be4 Rxf2 35. Ra6+ Ke5 36. Bd3 Be3 37. Kxc5 Rxc2+ 38. Kb5 Rxb2+ 39. Kc4 Rd2 40. a4 Rd1 41. Ra8 Rc1+ 42. Kb5 Bd2 43. a5 Rc3 44. Bc4 d3 45. Re8 Bf4 46. Rxe6+ Kd4 47. a6 d2 48. Be2 Ra3 49. Re7 Kc3 50. Rd7 Kb2 51. a7 Kc1 52. Bf3 Be3 53. Kb4 Rxa7 54. Rxa7 Bxa7 55. Kb3 Be3 56. Kc4 Bf4 57. Kd3 Bg5 58. Ke4 Bh4 59. Kf5 Bf2 60. Kg4 Bb6 61. Kh3 Ba5 62. Kg2 d1=Q 63. Bxd1 1/2-1/2


[Site "https://www.chess.com"]

[Event "Titled Tuesday Blitz January 17 Late 2023"]
[White "Lopez Gracia, Fernando"]
[Black "Prado Lobo, Jonas"]
[WhiteFideId "2207184"]
[BlackFideId "32050666"]
[WhiteElo "2255"]
[BlackElo "2313"]
[Result "1/2-1/2"]
[Round "08"]
[TimeControl "180+2"]
[Date "2023.01.17"]
[WhiteClock "0:00:05"]
[BlackClock "0:00:05"]

1. c4 e6 2. Nf3 d5 3. g3 Nf6 4. Bg2 Be7 5. O-O O-O 6. b3 d4 7. e3 c5 8. exd4 cxd4 9. d3 Nc6 10. Re1 a5 11. Ne5 Qc7 12. Bf4 Qb6 13. Nxc6 bxc6 14. Nd2 Bb4 15. Re2 Bb7 16. a3 Bc3 17. Rb1 c5 18. Bxb7 Qxb7 19. Bd6 Rfc8 20. Be5 Nd7 21. Bf4 Nf6 22. Ne4 Nxe4 23. Rxe4 Qc6 24. Bd2 Bxd2 25. Qxd2 Rcb8 26. Ree1 Rb6 27. b4 cxb4 28. axb4 axb4 29. Rxb4 h6 30. Reb1 Rxb4 31. Qxb4 Qf3 32. Qb3 Qe2 33. Qd1 Qa2 34. Qb3 Qe2 35. Qd1 Qa2 36. Qb3 Qd2 37. c5 Ra2 38. Rf1 Rc2 39. Qb8+ Kh7 40. Qa7 Kg6 41. c6 Qxd3 42. c7 Qc4 43. Rd1 d3 44. Qe3 d2 45. Rxd2 Rxd2 46. Qxd2 Qxc7 47. Qd3+ f5 48. Kg2 Qe5 49. Qd8 Qe4+ 50. Kg1 f4 51. Qe8+ Kh7 52. gxf4 Qb1+ 53. Kg2 Qg6+ 54. Qxg6+ Kxg6 55. Kf3 Kf5 56. h3 Kg6 57. Ke4 Kf6 58. Ke3 Kf5 59. Kf3 Kg6 60. Ke4 Kh5 61. Ke5 Kh4 62. Kxe6 Kxh3 63. Kf7 Kg4 64. Kxg7 h5 65. Kg6 h4 66. f5 h3 67. f6 h2 68. f7 h1=Q 69. f8=Q Qh5+ 70. Kg7 Qg5+ 71. Kh8 Qh5+ 72. Kg8 Qe5 73. f3+ Kg3 74. Kh7 Qh5+ 75. Qh6 Qf7+ 76. Qg7+ Qxg7+ 77. Kxg7 Kf4 78. Kf6 Kxf3 1/2-1/2


[Site "https://www.chess.com"]

[Event "Titled Tuesday Blitz January 17 Late 2023"]
[White "Olafsson, Helgi"]
[Black "Papayan, Oleg"]
[WhiteFideId "2300010"]
[BlackFideId "4193911"]
[WhiteElo "2491"]
[BlackElo "2253"]
[Result "0-1"]
[Round "08"]
[TimeControl "180+2"]
[Date "2023.01.17"]
[WhiteClock "0:00:01"]
[BlackClock "0:00:04"]

1. d4 Nf6 2. c4 e6 3. Nc3 Bb4 4. Qc2 O-O 5. a3 Bxc3+ 6. Qxc3 d5 7. Bg5 dxc4 8. Qxc4 b6 9. Nf3 Bb7 10. Rc1 c5 11. dxc5 Nbd7 12. c6 Rc8 13. c7 Qe7 14. Nd4 h6 15. Bh4 Nc5 16. Bg3 Nfe4 17. Be5 f6 18. Nf5 Qf7 19. Nd6 Nxd6 20. Bxd6 Rfe8 21. f3 Qd7 22. Rd1 Bd5 23. Qf4 e5 24. Qd2 Qxd6 25. Qxd5+ Qxd5 26. Rxd5 Rxc7 27. e4 Ne6 28. Kd2 Nd4 29. Bd3 Ne6 30. Rd6 Nf4 31. g3 Nxd3 32. Rxd3 Rec8 33. Rc3 Rxc3 34. bxc3 Rc4 35. Rb1 Kf7 36. Rb4 Rc5 37. Kd3 Ra5 38. a4 Ke6 39. Kc4 Rc5+ 40. Kd3 Kd6 41. Rc4 Ra5 42. Kc2 g6 43. Kb3 h5 44. Rc8 Rc5 45. Rg8 g5 46. Rh8 h4 47. Rh7 a6 48. gxh4 gxh4 49. Rxh4 Rc7 50. Rh6 Ke6 51. h4 Rg7 52. h5 Rg3 53. Rg6 Rxf3 54. h6 Rh3 55. Kb4 Rh4 0-1


[Site "https://www.chess.com"]

[Event "Titled Tuesday Blitz January 17 Late 2023"]
[White "Hirneise, Jens"]
[Black "Vega Gutierrez, Sabrina"]
[WhiteFideId "24614734"]
[BlackFideId "2219026"]
[WhiteElo "2277"]
[BlackElo "2377"]
[Result "1-0"]
[Round "08"]
[TimeControl "180+2"]
[Date "2023.01.17"]
[WhiteClock "0:00:25"]
[BlackClock "0:00:05"]

1. b3 e5 2. Bb2 d6 3. e3 f5 4. d3 Nf6 5. Nd2 g6 6. g3 Bg7 7. Bg2 O-O 8. Ne2 c6 9. c4 Be6 10. O-O Nbd7 11. h3 a5 12. f4 Re8 13. Kh2 Bf7 14. Qc2 exf4 15. Nxf4 Rxe3 16. Rae1 Rxe1 17. Rxe1 Nf8 18. Nf3 h6 19. Ne2 Qd7 20. c5 Re8 21. cxd6 Qxd6 22. Nf4 Rxe1 23. Nxe1 g5 24. Ne2 Nd5 25. Bxg7 Kxg7 26. Qb2+ Qf6 27. Nd4 Ne3 28. Qc3 Kg6 29. Qc5 Nxg2 30. Nxg2 Nd7 31. Qa7 Qe5 32. Nxc6 bxc6 33. Qxd7 Bd5 34. Kg1 Qd4+ 35. Kh2 Qe5 36. Kg1 Qe2 37. Qd6+ Kf7 38. Qc7+ Ke6 39. Qc8+ Kd6 40. Qd8+ Kc5 41. Qxa5+ Kd4 42. Qb6+ c5 43. Qf6+ Kxd3 44. Qxf5+ Kd2 45. Qxd5+ 1-0


[Site "https://www.chess.com"]

[Event "Titled Tuesday Blitz January 17 Late 2023"]
[White "AidenRchess"]
[Black "Yurovskykh, Oleksandr"]
[BlackFideId "14134020"]
[WhiteElo "2443"]
[BlackElo "2328"]
[Result "0-1"]
[Round "08"]
[TimeControl "180+2"]
[Date "2023.01.17"]
[WhiteClock "0:00:07"]
[BlackClock "0:00:08"]

1. e4 g6 2. d4 Bg7 3. Nc3 d6 4. Be3 a6 5. Qd2 b5 6. h4 Nf6 7. f3 h5 8. O-O-O b4 9. Nce2 Nc6 10. Kb1 a5 11. Nf4 e5 12. dxe5 Nxe5 13. Bd4 Qe7 14. Bb5+ Kf8 15. Nge2 Kg8 16. Nd5 Nxd5 17. exd5 Kh7 18. g4 hxg4 19. h5 g5 20. f4 gxf4 21. h6 Bxh6 22. Qxf4 Kg7 23. Qg3 Bf5 24. Rdf1 Bg6 25. Qxg4 a4 26. Ng3 Qg5 27. Qe2 b3 28. Rhg1 bxc2+ 29. Ka1 c1=Q+ 30. Rxc1 Qxc1+ 31. Rxc1 Bxc1 32. Bxe5+ dxe5 33. Qxe5+ Kh7 34. Ne4 Rhb8 35. Nf6+ Kh6 36. Ng4+ Kh7 37. Nf6+ Kh6 38. Ng4+ Kh7 39. Qh2+ Kg7 40. Qh6+ Bxh6 41. Ne5 Bf4 0-1


[Site "https://www.chess.com"]

[Event "Titled Tuesday Blitz January 17 Late 2023"]
[White "Sivakumar, Shaaketh"]
[Black "Fernandez Garcia, Gumersindo"]
[WhiteFideId "30940176"]
[BlackFideId "24516740"]
[WhiteElo "2337"]
[BlackElo "2160"]
[Result "0-1"]
[Round "08"]
[TimeControl "180+2"]
[Date "2023.01.17"]
[WhiteClock "0:00:22"]
[BlackClock "0:00:36"]

1. e4 Nf6 2. e5 Nd5 3. c4 Nb6 4. d4 d6 5. exd6 cxd6 6. Nf3 g6 7. Be2 Bg7 8. O-O Nc6 9. Be3 O-O 10. Nc3 Bg4 11. b3 d5 12. c5 Nc8 13. h3 Bxf3 14. Bxf3 e6 15. b4 Qf6 16. Ne2 Nxb4 17. Rb1 Nc6 18. Rxb7 N8e7 19. Qd2 h6 20. Rd1 Nf5 21. Rc7 Rac8 22. Rxc8 Rxc8 23. Qd3 Nh4 24. Bg4 h5 25. Qd2 hxg4 26. Bg5 Nf3+ 27. gxf3 Qxf3 28. Qe3 Qxh3 29. Rb1 Qxe3 30. fxe3 f6 31. Bf4 e5 32. Bg3 exd4 33. Nxd4 Nxd4 34. exd4 f5 35. Rb4 g5 36. Bd6 f4 37. Kg2 Kh7 38. Rb7 Kg6 39. Rxa7 Bxd4 40. Ra6 Kf5 41. c6 f3+ 42. Kg3 Rh8 43. Ra4 Rh3# 0-1


[Site "https://www.chess.com"]

[Event "Titled Tuesday Blitz January 17 Late 2023"]
[White "Karttunen, Mika"]
[Black "Kostiukov, Alexandr"]
[WhiteFideId "502081"]
[BlackFideId "14108100"]
[WhiteElo "2490"]
[BlackElo "2271"]
[Result "1-0"]
[Round "08"]
[TimeControl "180+2"]
[Date "2023.01.17"]
[WhiteClock "0:00:18"]
[BlackClock "0:00:05"]

1. c4 g6 2. Nc3 Bg7 3. g3 c5 4. Bg2 Nf6 5. a3 O-O 6. b4 d6 7. Rb1 Nc6 8. b5 Ne5 9. d3 Rb8 10. Bd2 b6 11. f4 Ned7 12. Nf3 Bb7 13. e4 e6 14. O-O Ne8 15. g4 f5 16. exf5 exf5 17. g5 Nc7 18. Qb3 Kh8 19. Rbe1 Re8 20. Nd5 Nxd5 21. cxd5 c4 22. dxc4 Nc5 23. Qc2 Ne4 24. Be3 Rc8 25. Qd3 Qc7 26. Rc1 a6 27. a4 axb5 28. axb5 Ra8 29. Nd4 Nc5 30. Qd2 Re4 31. Bxe4 Nxe4 32. Qd3 Re8 33. Ne6 Rxe6 34. dxe6 h6 35. Bd4 Kh7 36. h4 h5 37. Rfe1 Bxd4+ 38. Qxd4 Ba8 39. Ra1 Qb7 40. Qd5 Qxd5 41. cxd5 Bxd5 42. e7 Bf7 43. Ra8 1-0


[Site "https://www.chess.com"]

[Event "Titled Tuesday Blitz January 17 Late 2023"]
[White "Bilan, Danila"]
[Black "Medeiros,Thauane Ferreira"]
[WhiteFideId "24161918"]
[BlackFideId "2134470"]
[WhiteElo "2303"]
[BlackElo "1854"]
[Result "0-1"]
[Round "08"]
[TimeControl "180+2"]
[Date "2023.01.17"]
[WhiteClock "0:00:06"]
[BlackClock "0:01:08"]

1. d4 d5 2. Nf3 Nf6 3. c4 e6 4. Nc3 Be7 5. Bg5 h6 6. Bh4 O-O 7. e3 Ne4 8. Bxe7 Qxe7 9. Nxe4 dxe4 10. Nd2 f5 11. f4 c5 12. Nb3 b6 13. Qc2 Nc6 14. O-O-O Nb4 15. Qb1 a5 16. a3 a4 17. Na1 Nc6 18. d5 exd5 19. cxd5 Na5 20. Bb5 Bd7 21. Bxd7 Qxd7 22. Qc2 Qb5 23. Qc3 Qc4 24. Kc2 Qxc3+ 25. Kxc3 b5 26. Rd2 Rab8 27. Nc2 b4+ 28. axb4 cxb4+ 29. Nxb4 Rfc8+ 30. Nc6 Nxc6 31. dxc6 Rxc6+ 32. Kd4 Rd8+ 33. Ke5 Rxd2 34. Kxf5 Rxb2 35. g4 a3 36. g5 hxg5 37. fxg5 a2 38. Rd1 g6+ 39. Kxe4 Rb1 40. Rd8+ Kf7 41. Rd7+ Ke8 0-1


[Site "https://www.chess.com"]

[Event "Titled Tuesday Blitz January 17 Late 2023"]
[White "Vaglio Munoz, Jaime"]
[Black "Cardoso Cardoso, Jose Gabriel"]
[WhiteFideId "6500145"]
[BlackFideId "4430492"]
[WhiteElo "2174"]
[BlackElo "2492"]
[Result "0-1"]
[Round "08"]
[TimeControl "180+2"]
[Date "2023.01.17"]
[WhiteClock "0:00:41"]
[BlackClock "0:00:08"]

1. d4 e6 2. c4 Bb4+ 3. Bd2 a5 4. e4 c5 5. d5 Bxd2+ 6. Qxd2 d6 7. Nc3 e5 8. h3 Nf6 9. g3 Nbd7 10. Nge2 Nb6 11. Qd3 O-O 12. Bg2 a4 13. Rb1 a3 14. b4 cxb4 15. Rxb4 Nfd7 16. f4 Nc5 17. Qe3 Nbd7 18. O-O Qa5 19. Ra1 Qxb4 20. Nb5 Ra6 21. Rc1 Qb2 22. Nec3 Qb4 23. Rb1 Qa5 24. f5 Na4 25. g4 Qb6 26. Qxb6 Ndxb6 27. Bf1 Nxc3 28. Nxc3 Na4 29. Nb5 Nc5 30. g5 Nxe4 31. f6 Nxg5 32. fxg7 Kxg7 33. Nc7 Ra5 34. Rb6 Rd8 35. Nb5 Ne4 36. Bg2 Rxb5 37. Rxb5 Nc5 38. Rb6 Bf5 39. Kf2 Bg6 40. Bf1 f5 41. h4 f4 42. Rb5 e4 43. Ra5 Bh5 44. Rxa3 e3+ 45. Kg2 f3+ 46. Kg3 e2 47. Bxe2 fxe2 48. Kf2 Re8 49. Ke1 Rf8 50. Rg3+ Kh6 51. Rg1 Nd3+ 52. Kd2 Rf1 53. Rg3 e1=Q+ 54. Kxd3 Qxg3+ 55. Kd4 Rf4# 0-1


[Site "https://www.chess.com"]

[Event "Titled Tuesday Blitz January 17 Late 2023"]
[White "Mirzoev, Azer"]
[Black "Saya, Ethan"]
[WhiteFideId "13400304"]
[BlackFideId "26095181"]
[WhiteElo "2416"]
[BlackElo "2181"]
[Result "1-0"]
[Round "08"]
[TimeControl "180+2"]
[Date "2023.01.17"]
[WhiteClock "0:00:03"]
[BlackClock "0:00:13"]

1. Nf3 Nc6 2. d4 d6 3. e4 e5 4. d5 Nce7 5. c4 f5 6. Nc3 Nf6 7. Bd3 g6 8. Ng5 Bg7 9. Qb3 O-O 10. O-O fxe4 11. Ncxe4 Nxe4 12. Bxe4 Nf5 13. Ne6 Bxe6 14. dxe6 Nd4 15. Qxb7 Qe7 16. Be3 Rab8 17. Qxa7 Rxb2 18. Rab1 Rxb1 19. Bxb1 Nxe6 20. Be4 Nf4 21. Rb1 Ne2+ 22. Kh1 Nc3 23. Bd5+ Nxd5 24. cxd5 e4 25. a4 Be5 26. h3 Bf4 27. a5 Bxe3 28. Qxe3 Ra8 29. Qc3 Qg7 30. Qd2 Qe5 31. Kg1 Kg7 32. Rc1 Ra7 33. Re1 c5 34. dxc6 Qxa5 35. Qd4+ Kg8 36. Qxe4 Qe5 37. Qxe5 dxe5 38. Rxe5 Ra1+ 39. Kh2 Rc1 40. Re6 Kf7 41. Rd6 h5 42. h4 Rc4 43. g3 Rc2 44. Kg2 Rc3 45. Kf1 Rc2 46. Ke1 Kg7 47. f3 Kf7 48. Kf1 Kg7 49. g4 hxg4 50. fxg4 Rc4 51. g5 Kf7 52. Rf6+ Kg7 53. Ke2 Rxh4 54. Kd3 Rh1 55. Kd4 Rc1 56. Kd5 Rd1+ 57. Kc5 Rc1+ 58. Kb6 Rb1+ 59. Ka7 Ra1+ 60. Kb7 Rb1+ 61. Kc8 Rg1 62. c7 Rxg5 63. Rc6 Kh6 64. Kb7 Rb5+ 65. Ka6 Rb1 66. c8=Q Ra1+ 67. Kb5 Rb1+ 68. Kc4 Rc1+ 69. Kd3 Rd1+ 70. Ke2 Rg1 71. Kf2 Rg5 72. Qh8# 1-0


[Site "https://www.chess.com"]

[Event "Titled Tuesday Blitz January 17 Late 2023"]
[White "Weetik, Vjacheslav"]
[Black "Khandelwal, Ankush"]
[WhiteFideId "4153472"]
[BlackFideId "413470"]
[WhiteElo "2423"]
[BlackElo "2205"]
[Result "1-0"]
[Round "08"]
[TimeControl "180+2"]
[Date "2023.01.17"]
[WhiteClock "0:00:34"]
[BlackClock "0:00:21"]

1. d4 Nf6 2. Nf3 g6 3. Bg5 Bg7 4. c3 O-O 5. Nbd2 d6 6. e4 e5 7. dxe5 dxe5 8. Be2 h6 9. Bh4 Nc6 10. O-O Re8 11. Qc2 g5 12. Bg3 Nh5 13. Rfe1 Nf4 14. Bf1 Bg4 15. h3 Bh5 16. Nh2 Qf6 17. Nc4 Bg6 18. Ng4 Qe6 19. Nge3 Rad8 20. Nf5 Bxf5 21. exf5 Qd5 22. Rad1 Qc5 23. b4 Qf8 24. Qe4 a6 25. a4 Rxd1 26. Rxd1 Rd8 27. Rxd8 Nxd8 28. Ne3 Qe8 29. b5 axb5 30. axb5 c6 31. Bxf4 gxf4 32. Ng4 cxb5 33. f6 Bf8 34. Bd3 Bc5 35. Qh7+ Kf8 36. Qh8# 1-0


[Site "https://www.chess.com"]

[Event "Titled Tuesday Blitz January 17 Late 2023"]
[White "Fiorito, Joaquin"]
[Black "Radovanovic, Dusan"]
[WhiteFideId "180173"]
[BlackFideId "926868"]
[WhiteElo "2405"]
[BlackElo "2311"]
[Result "1-0"]
[Round "08"]
[TimeControl "180+2"]
[Date "2023.01.17"]
[WhiteClock "0:03:03"]
[BlackClock "0:02:16"]

1. d4 Nf6 2. Nc3 d5 3. Bf4 a6 4. e3 e6 5. g4 Bb4 6. Ne2 O-O 7. a3 Be7 8. g5 Nh5 9. h4 Nxf4 10. Nxf4 c5 11. Bd3 c4 12. Bxh7+ Kxh7 13. Qh5+ Kg8 14. g6 fxg6 15. Nxg6 Rf6 16. Qh8+ 1-0


[Site "https://www.chess.com"]